 Dungeon Crawl Stone Soup version 0.24-a0-475-g5b41c6f198 (webtiles) character file.

Game seed: 17167106299939985726

124 ohad the Magician (level 4, -2/33 HPs)
             Began as a Mummy Wizard on July 5, 2019.
             Splashed by Ijyb's acid (18 damage)
             ... on level 3 of the Dungeon.
             The game lasted 00:09:17 (3182 turns).

ohad the Magician (Mummy Wizard)                    Turns: 3182, Time: 00:09:19

Health: -2/33      AC:  2    Str: 10    XL:     4   Next: 81%
Magic:  3/11       EV: 12    Int: 26    God:
Gold:   48         SH:  0    Dex: 10    Spells: 3/14 levels left

rFire    x . .     SeeInvis .   d - +0 dagger
rCold    + . .     Gourm    .   (no shield)
rNeg     + + +     Faith    .   k - +0 leather armour
rPois    ∞         Spirit   .   n - +2 helmet {Int+3}
rElec    .         Reflect  .   (no cloak)
rCorr    .         Harm     .   (no gloves)
MR       .....                  (no boots)
Stlth    +.........             (no amulet)
HPRegen  0.11/turn              (no ring)
MPRegen  0.12/turn              i - +5 ring of intelligence

@: corroded
A: no food or potions, fire vulnerability, cold resistance 1, negative energy
resistance 3, torment resistance, unbreathing
a: no special abilities


You were on level 3 of the Dungeon.
You were not hungry.

You visited 1 branch of the dungeon, and saw 3 of its levels.

You collected 48 gold pieces.

Inventory:

Hand Weapons
 d - a +0 dagger (weapon)
 g - a +2 hunting sling of velocity
 l - a +0 spear
Missiles
 h - 28 stones (quivered)
 m - 10 boomerangs
Armour
 a - a +0 robe
 b - a +0 hat
 j - a +0 scale mail
 k - a +0 leather armour (worn)
 n - a +2 helmet of intelligence (worn)
 o - a +0 ring mail
 q - a +0 scale mail
Jewellery
 i - a +5 ring of intelligence (right hand)
Scrolls
 c - a scroll of identify {unknown}
 e - a scroll of teleportation {unknown}
 f - a scroll of immolation {unknown}
 p - a scroll of fear {unknown}


   Skills:
 - Level 2.2 Fighting
 - Level 2.5 Dodging
 - Level 1.5 Stealth
 + Level 5.5 Spellcasting
 - Level 0.7 Conjurations
 - Level 0.7 Summonings
 - Level 0.7 Translocations


You had 3 spell levels left.
You knew the following spells:

 Your Spells              Type           Power        Failure   Level  Hunger
a - Magic Dart            Conj           ##..         8%          1    N/A
b - Call Imp              Summ           ##......     11%         2    N/A
c - Conjure Flame         Conj/Fire      #.......     26%         3    N/A
d - Mephitic Cloud        Conj/Pois/Air  #.......     26%         3    N/A
e - Blink                 Tloc           N/A          11%         2    N/A

Your spell library contained the following spells:

 Spells                   Type           Power        Failure   Level  Hunger
 Slow                     Hex            #.......     16%         2    N/A

Dungeon Overview and Level Annotations

Branches:
Dungeon (3/15)

Altars:
Ashenzari
Ru

Annotations:
D:3 Ijyb


Innate Abilities, Weirdness & Mutations

You do not eat or drink.
Your flesh is vulnerable to fire.
You are immune to poison.
Your flesh is cold resistant. (rC+)
You are immune to negative energy. (rN+++)
You are immune to unholy pain and torment.
You can survive without breathing.


Message History

What are your orders? t - Shout!
Orders for allies: a - Attack new target. p - Attack previous target. r - Retreat! s - Stop attacking. g - Guard the area. f - Follow me.
Anything else - Cancel.
Gang up on whom?
Press: ? - help, Dir - move target cursor, f/p - Ijyb
Aim: Ijyb, wearing a +0 scale mail and carrying a wand of acid (5) Attack!
Ijyb barely misses your crimson imp.
Your crimson imp hits Ijyb but does no damage.
You swing at nothing.
Your crimson imp disappears in a puff of smoke!
Your crimson imp barely misses Ijyb.
Ijyb zaps a wand.
The bolt of acid hits your crimson imp!
Your crimson imp is splashed with acid.
The acid corrodes your crimson imp!
Your crimson imp dies!
The bolt of acid hits you! The acid corrodes you!
You are splashed with acid!!
Ouch! That really hurt!
You die...

######....#...#†..#†..#
#....#...#5..#.#.#
###'##....[..###.#
#.####._.### #.#
#.##.......# ..#
####..#...#...# ###
#.5.$.#...#...#
#.###.+#######+
#.###@....# #......5#$#
#######[# # #g# #.# #.#
#.. ###


You could see Ijyb and a friendly white imp.

Vanquished Creatures
  Jessica (D:3)
  An adder (D:2)
  A worm (D:2)
  2 leopard geckos (D:1)
  A giant cockroach (D:1)
  4 goblins
  3 hobgoblins (D:1)
  3 jackals (D:1)
  A ball python (D:2)
  8 bats
  2 frilled lizards
  4 kobolds
  A rat (D:3)
32 creatures vanquished.

Vanquished Creatures (collateral kills)
  An orc wizard (D:3)
  3 adders
  A worm (D:3)
  2 orcs (D:3)
  A bat (D:2)
  A giant cockroach (D:3)
  3 goblins (D:3)
  3 hobgoblins
  A jackal (D:3)
  A quokka (D:3)
  A frilled lizard (D:3)
  3 kobolds
  2 rats
23 creatures vanquished.

Grand Total: 55 creatures vanquished

Notes
Turn   | Place    | Note
-------+----------+-------------------------------------------
     0 | D:1      | ohad the Mummy Wizard began the quest for the Orb.
     0 | D:1      | Reached XP level 1. HP: 13/13 MP: 5/5
   233 | D:1      | Reached skill level 1 in Fighting
   345 | D:1      | Reached XP level 2. HP: 18/22 MP: 0/7
   400 | D:1      | Learned a level 2 spell: Call Imp
   481 | D:1      | Found a shattered altar of Ashenzari.
  1311 | D:2      | Reached XP level 3. HP: 27/27 MP: 3/8
  1316 | D:2      | Learned a level 3 spell: Conjure Flame
  2380 | D:3      | Found a sacrificial altar of Ru.
  2427 | D:3      | Reached XP level 4. HP: 27/33 MP: 1/10
  2634 | D:3      | Learned a level 3 spell: Mephitic Cloud
  2924 | D:3      | Reached skill level 5 in Spellcasting
  2987 | D:3      | Learned a level 2 spell: Blink
  3157 | D:3      | Noticed Jessica
  3174 | D:3      | Noticed Ijyb
  3175 | D:3      | Killed Jessica
  3182 | D:3      | Splashed by Ijyb's acid

Levels and vault maps discovered:
D:1:      lemuel_arrival_room, layout_basic, nicolae_ashenzari_panopticon
D:2:      layout_loops_corners, minmay_crystal_room, hex_large
D:3:      layout_basic, kennysheep_flooded_box,
          nicolae_ru_great_annihilating_truth, uniq_ijyb, uniq_jessica

Skill      XL: |  1  2  3  4 |
---------------+-------------+-----
Fighting       | 1 2 |  2.2
Dodging        | 2 |  2.5
Spellcasting   | 5 |  5.5
Stealth        | |  1.5
Conjurations   | |  0.7
Summonings     | |  0.7
Translocations | |  0.7

Action                   |  1- 3 |  4- 6 || total
-------------------------+-------+-------++-------
Melee: Dagger            |    59 |    34 ||    93
 Cast: Magic Dart        |    61 |    15 ||    76
       Call Imp          |    15 |    23 ||    38
  Use: Scroll            |     2 |       ||     2
 Stab: Distracted        |     1 |     1 ||     2
       Sleeping          |       |     2 ||     2
Armor: Robe              |     3 |       ||     3
       Leather armour    |    20 |    11 ||    31
Dodge: Dodged            |    59 |    24 ||    83

Table legend:
 A = Non-vault XP
 B = Vault XP
 C = Vault XP percentage of total XP
 D = Non-vault monster count
 E = Vault monster count
 F = Vault count percentage of total count
                 A         B        C        D         E       F
            +---------+---------+-------+---------+---------+-------
      Total |     115 |      63 |  35.4 |      50 |       5 |   9.1
            +---------+---------+-------+---------+---------+-------
        D:1 |      30 |       0 |   0.0 |      17 |       0 |   0.0
        D:2 |      50 |       0 |   0.0 |      17 |       0 |   0.0
        D:3 |      35 |      63 |  64.3 |      16 |       5 |  23.8
            +---------+---------+-------+---------+---------+-------
